 Dungeon Crawl Stone Soup version 0.18-a0-1426-g3b9a63c (webtiles) character file.

65 chei the Skirmisher (level 4, -3/42 HPs)
             Began as a Naga Fighter on Feb 27, 2016.
             Slain by Sigmund
             ... wielding a +1 vampiric scythe
              (13 damage)
             ... on level 3 of the Dungeon.
             The game lasted 00:02:17 (2083 turns).

chei the Skirmisher (Naga Fighter)                  Turns: 2083, Time: 00:02:18

Health: -3/42      AC:  5    Str: 23    XL:     4   Next: 13%
Magic:  4/4        EV:  5    Int:  9    God:
Gold:   158        SH:  9    Dex: 13    Spells: 0 memorised, 3 levels left

rFire  . . .     SeeInvis +     a - +0 long sword
rCold  . . .     Gourm    .     b - +0 scale mail
rNeg   . . .     Faith    .     c - +0 shield
rPois  +         Spirit   .     (no helmet)
rElec  .         Dismiss  .     (no cloak)
rCorr  .         Reflect  .     (no gloves)
SustAt .         Harm     +     (no barding)
MR     .....                    r - amulet of harm
Stlth  ..........               w - +2 ring of dexterity
                                j - ring of wizardry

@: mighty, very slow, not resistant to hostile enchantments, extremely
unstealthy
A: see invisible, deformed body, poison resistance, slowness 2, slow metabolism
1, spit poison 2, AC +1
a: Spit Poison


You were on level 3 of the Dungeon.
You were not hungry.

You visited 1 branch of the dungeon, and saw 3 of its levels.

You collected 158 gold pieces.

Inventory:

Hand Weapons
 a - a +0 long sword (weapon)
Armour
 b - a +0 scale mail (worn)
 c - a +0 shield (worn)
Jewellery
 j - a ring of wizardry (left hand)
 r - an amulet of harm (around neck)
 w - a +2 ring of dexterity (right hand)
Scrolls
 h - 2 scrolls of identify {unknown}
 i - a scroll of fear {unknown}
 m - 2 scrolls of immolation {unknown}
 n - a scroll of enchant armour {unknown}
 o - 2 scrolls of remove curse {unknown}
 u - a scroll of random uselessness {unknown}
Potions
 d - a potion of might
 e - a potion of flight {unknown}
 g - a potion of agility {unknown}
 p - a potion of resistance {unknown}
 s - a potion of haste {unknown}
Comestibles
 f - 4 bread rations
 k - a beef jerky
 l - a meat ration
 q - 6 fruits
 v - 2 chunks of flesh
 x - a royal jelly


   Skills:
 + Level 3.5 Fighting
 * Level 3.0 Long Blades
 + Level 3.0 Armour
 + Level 0.2 Dodging
 - Level 2.4 Shields


You had 3 spell levels left.
You didn't know any spells.

Dungeon Overview and Level Annotations

Branches:
Dungeon (3/15)

Altars:
Ashenzari
Makhleb
Nemelex Xobeh

Annotations:
D:3 Sigmund


Innate Abilities, Weirdness & Mutations

You cannot wear boots.
Your serpentine skin is tough (AC +1).
You have supernaturally acute eyesight.
Armour fits poorly on your strangely shaped body.
Your system is resistant to poisons.
You cover ground very slowly.
You have a slow metabolism.
You can spit poison.


Message History

You barely miss Sigmund.
Sigmund points at you and mumbles some strange words.
The magic dart hits you!
Sigmund says, "You will soon forget everything."
Sigmund hits you with a vampiric scythe!
You completely miss Sigmund.
Your shield and scale mail prevent you from hitting Sigmund.
Sigmund points at you and mumbles some strange words.
You are confused.
Sigmund hits you but does no damage.
Drink which item? (? for menu, Esc to quit)
You feel better.
You barely miss Sigmund.
Sigmund hits you with a vampiric scythe!
* * * LOW HITPOINT WARNING * * *
You closely miss Sigmund. Sigmund hits you but does no damage.
You hit Sigmund.
Sigmund is lightly wounded.
Sigmund hits you with a vampiric scythe!
You die...

#### #...# #...## #.....
#.... ######### #...###
#.......# ##.....##
#......@# ##.......##
#....<.@######........>#
######.................#
####.####..>......#
#..###..........
##..............
#####....[.....
#<......... #..........
#..........


You could see Sigmund.

Vanquished Creatures
  An adder (D:2)
  2 oozes
  A worm (D:2)
  A dart slug (D:2)
  5 giant cockroaches
  3 goblins (D:2)
  9 hobgoblins
  5 bats
  2 giant newts (D:2)
  7 kobolds
  3 rats
39 creatures vanquished.

Notes
Turn   | Place    | Note
--------------------------------------------------------------
     0 | D:1      | chei the Naga Fighter began the quest for the Orb.
     0 | D:1      | Reached XP level 1. HP: 21/21 MP: 1/1
   517 | D:1      | Reached XP level 2. HP: 24/28 MP: 2/2
  1224 | D:2      | Reached XP level 3. HP: 29/34 MP: 3/3
  1241 | D:2      | Found a sparkling altar of Nemelex Xobeh.
  1296 | D:2      | Found a burning altar of Makhleb.
  1518 | D:2      | Found a shattered altar of Ashenzari.
  1670 | D:2      | Reached XP level 4. HP: 40/42 MP: 4/4
  2063 | D:3      | Noticed Sigmund
  2083 | D:3      | Slain by Sigmund

Vault maps used:
D:1:      minmay_arrival_hallway, minmay_misc_feat_chi
D:2:      nicolae_overflow_crystal_walls, old_standard_altar,
          kennysheep_crisscross, nemelex_diamond_rough_becter
D:3:      corexii_shack_village, marbit_many_paths, uniq_sigmund

Skill      XL: |  1  2  3  4 |
---------------+-------------+-----
Armour         | 3 |  3.0
Long Blades    | 3 |  3.0
Fighting       | |  3.5
Dodging        | |  0.2
Shields        | |  2.4

Action                   |  1- 3 |  4- 6 || total
-------------------------+-------+-------++-------
Melee: Long sword        |   126 |    35 ||   161
 Abil: Spit Poison       |     2 |     1 ||     3
  Use: Potion            |       |     3 ||     3
  Eat: Chunk             |     1 |     2 ||     3
